 Dungeon Crawl Stone Soup version 0.26-b1-32-g5d43845318 (webtiles) character file.

Game seed: 9587075568678149329

171941 Arthanis the Scorcher (level 17, -25/88 HPs)
             Began as a Deep Elf Fire Elementalist on Jan 10, 2021.
             Was the Champion of Vehumet.
             Killed from afar by a deep elf knight (28 damage)
             ... with a shard of ice
             ... on level 2 of the Elven Halls.
             The game lasted 01:21:30 (40683 turns).

Arthanis the Scorcher (Deep Elf Fire Elementalist) Turns: 40683, Time: 01:21:30

Health: -25/88     AC: 12    Str:  5    XL:     17   Next: 40%
Magic:  4/42       EV: 18    Int: 31    God:    Vehumet [******]
Gold:   3482       SH: 12    Dex: 15    Spells: 4/54 levels left

rFire    + + .     SeeInvis .   k - staff of fire
rCold    . . .     Faith    .   y - +2 buckler {reflect}
rNeg     . . .     Spirit   .   v - +2 robe {Will+}
rPois    .         Reflect  +   Q - +2 helmet {Int+3}
rElec    .         Harm     .   T - +2 cloak {rC+}
rCorr    .         Rampage  .   (no gloves)
Will     ++...                  X - +1 pair of boots {Stlth+}
Stlth    +++.......             N - amulet of reflection
HPRegen  0.24/turn              Y - ring of wizardry
MPRegen  0.28/turn              l - ring of fire

@: no status effects
A: no striking features
a: Renounce Religion


You were on level 2 of the Elven Halls.
You worshipped Vehumet.
Vehumet was exalted by your worship.
You visited 5 branches of the dungeon, and saw 27 of its levels.
You also visited: Ossuary, Ice Cave and Volcano.

You collected 4714 gold pieces.
You spent 1232 gold pieces at shops.

Inventory:

Hand Weapons
 n - a +0 spear of freezing
 J - the +8 long sword "Equnaete" {drain, Will++}
   (You found it on level 7 of the Dungeon)

   A truly terrible weapon, it drains the life of those it strikes.
   It affects your willpower, your defense against some magical effects.
Armour
 a - a +2 buckler
 v - a +2 robe of willpower (worn)
 y - a +2 buckler of reflection (worn)
 Q - a +2 helmet of intelligence (worn)
 T - a +2 cloak of cold resistance (worn)
 U - a +0 cloak of fire resistance
 X - a +1 pair of boots of stealth (worn)
Magical Staves
 k - an uncursed staff of fire (weapon)
 s - an uncursed staff of cold
Jewellery
 b - an uncursed ring of see invisible
 l - a ring of fire (right hand)
 x - an uncursed ring of ice
 M - a +6 ring of strength
 N - an amulet of reflection (around neck)
 Y - a ring of wizardry (left hand)
Wands
 w - a wand of paralysis (35)
 B - a wand of acid (25)
 C - a wand of iceblast (48)
 L - a wand of digging (3)
 P - a wand of disintegration (7)
Scrolls
 h - 12 scrolls of teleportation
 i - 2 scrolls of enchant weapon
 j - 11 scrolls of remove curse
 m - 4 scrolls of immolation
 q - 8 scrolls of fear
 z - a scroll of vulnerability
 A - 6 scrolls of amnesia
 D - 2 scrolls of identify
 I - 2 scrolls of summoning
 K - 2 scrolls of fog
 R - a scroll of holy word
 S - a scroll of silence
 W - 5 scrolls of magic mapping
Potions
 c - 8 potions of heal wounds
 d - 7 potions of attraction
 e - 9 potions of mutation
 g - 13 potions of curing
 o - 10 potions of ambrosia
 p - 6 potions of cancellation
 r - 5 potions of berserk rage
 t - a potion of resistance
 u - 6 potions of flight
 E - 3 potions of haste
 F - a potion of invisibility
 G - 7 potions of magic
 H - a potion of brilliance
 O - 5 potions of might
Miscellaneous
 f - a box of beasts


   Skills:
 - Level 4.0 Fighting
 - Level 9.0 Dodging
 - Level 3.0 Stealth
 - Level 4.0 Shields
 + Level 19.3 Spellcasting
 + Level 15.3 Conjurations
 - Level 20.0 Fire Magic
 * Level 4.5 Air Magic
 - Level 10.1 Evocations


You had 4 spell levels left.
You knew the following spells:

 Your Spells              Type           Power        Failure   Level
a - Foxfire               Conj/Fire      100%         0%          1
b - Conjure Flame         Conj/Fire      100%         0%          3
c - Sticky Flame          Conj/Fire      100%         0%          4
d - Fireball              Conj/Fire      71%          1%          5
e - Shock                 Conj/Air       100%         0%          1
f - Ignition              Fire           74%          1%          8
g - Bolt of Magma         Conj/Fire/Erth 62%          1%          5
h - Orb of Destruction    Conj           45%          1%          7
i - Starburst             Conj/Fire      71%          1%          6
j - Iron Shot             Conj/Erth      33%          1%          6
k - Blink                 Tloc           N/A          1%          2
l - Sublimation of Blood  Necr           14%          1%          2

Your spell library contained the following spells:

 Spells                   Type           Power        Failure   Level
 Chain Lightning          Conj/Air       37%          14%         8
 Shatter                  Erth           14%          100%        9
 Magic Dart               Conj           100%         0%          1
 Animate Skeleton         Necr           58%          1%          1
 Apportation              Tloc           58%          1%          1
 Corona                   Hex            32%          1%          1
 Freeze                   Ice            100%         1%          1
 Summon Small Mammal      Summ           100%         1%          1
 Call Imp                 Summ           29%          1%          2
 Ensorcelled Hibernation  Hex/Ice        58%          1%          2
 Slow                     Hex            29%          1%          2
 Swiftness                Air            55%          1%          2
 Wereblood                Tmut           29%          1%          2
 Confusing Touch          Hex            29%          1%          3
 Dazzling Flash           Conj/Hex       100%         1%          3
 Frozen Ramparts          Ice            58%          1%          3
 Gell's Gravitas          Tloc           14%          1%          3
 Ignite Poison            Fire/Tmut/Pois 100%         1%          3
 Inner Flame              Hex/Fire       100%         1%          3
 Lesser Beckoning         Tloc           14%          1%          3
 Mephitic Cloud           Conj/Pois/Air  63%          1%          3
 Ozocubu's Armour         Ice            29%          1%          3
 Spider Form              Tmut/Pois      14%          1%          3
 Static Discharge         Conj/Air       75%          1%          3
 Summon Guardian Golem    Hex/Summ       29%          1%          3
 Teleport Other           Tloc           29%          1%          3
 Tukima's Dance           Hex            29%          1%          3
 Airstrike                Air            27%          1%          4
 Hailstorm                Conj/Ice       67%          1%          4
 Summon Lightning Spire   Summ/Air       43%          1%          4
 Cause Fear               Hex            14%          5%          4
 Passage of Golubria      Tloc           N/A          5%          4
 Petrify                  Tmut/Erth      29%          5%          4
 Summon Ice Beast         Ice/Summ       29%          5%          4
 Irradiate                Conj/Tmut      33%          1%          5
 Lightning Bolt           Conj/Air       37%          1%          5
 Conjure Ball Lightning   Conj/Air       37%          1%          6
 Freezing Cloud           Conj/Ice/Air   31%          1%          6
 Yara's Violent Unravell  Hex/Tmut       14%          4%          5
 Silence                  Hex/Air        21%          6%          5
 Alistair's Intoxication  Tmut/Pois      19%          14%         5
 Blade Hands              Tmut           14%          14%         5
 Metabolic Englaciation   Hex/Ice        14%          14%         5
 Eringya's Noxious Bog    Tmut/Pois      14%          21%         6
 Shadow Creatures         Summ           N/A          58%         6
 Discord                  Hex            14%          100%        8
 Tornado                  Air            27%          100%        9


Dungeon Overview and Level Annotations

Branches:
Dungeon (15/15)            Temple (1/1) D:4            Lair (6/6) D:8
  Swamp (0/4) Lair:2        Snake (0/4) Lair:3        Slime (0/5) Lair:6
    Orc (2/2) D:9             Elf (3/3) Orc:2        Vaults (0/5) D:14
 Depths (0/5) D:15        Ossuary (visited)           IceCv (visited)
Volcano (visited)

Altars:
Ashenzari
Cheibriados
Dithmenos
Elyvilon
Fedhas
Gozag
Hepliaklqana
Kikubaaqudgha
Makhleb
Nemelex Xobeh
Okawaru
Qazlal
Ru
Sif Muna
Trog
Uskayaw
Vehumet
Wu Jian
Xom
Yredelemnul
Zin
The Shining One
Beogh
Lugonu

Shops:
D:5 [   D:8 ![[**   D:13 *   D:15 (   Orc:2 :([}   Elf:2 ***:   Elf:3 [

Portals:
Abyss: Orc:2
Trove: D:10 (give +3 shadow dragon scales)

Annotations:
D:10 exclusion: ice statue


Message History

As you read the scroll of blinking, it crumbles to dust.
The deep elf mage gestures wildly while chanting.
The deep elf mage blinks!
The deep elf knight points at itself and mumbles some strange words.
The deep elf knight flickers and vanishes!
Deactivating autopickup; reactivate with Ctrl-A.
A mysterious force pulls you upwards. The hatch slams shut behind you.
Reactivating autopickup.
Casting: Fireball (safe; 1% risk of failure)
Confirm with . or Enter, or press ? or * to list all spells.
Okay, then.
You hear some strange, mumbled words.
A shard of ice appears from out of thin air!
Deactivating autopickup; reactivate with Ctrl-A.
The shard of ice hits you!!
* * * LOW HITPOINT WARNING * * *
You hear some strange, mumbled words.
A shard of ice appears from out of thin air!
The shard of ice hits you!!
You die...

# ##...###....<..#.### #
##.....#####'#####'## ##.......##
#.# ##.. ##.........###.# ##.. #
#.....⌠.....##.# #... #
##......{..###.# #... # #####
##.......####'#####...
###...####[)<...'##.....##'#..
###.......#)##.@.##'.......'##..
##......^....###.###....>..[.####
##...........# ####.......))..#
##?..........######...........#
#...........+....'...........#
#...........######...........#
##...........# #.......<...#
##...........# ##.......>.##
####....[..### ##......>##


There were no monsters in sight!

Vanquished Creatures
  Jorgrun (D:15)
  4 deep elf blademasters
  A deep elf master archer (Elf:3)
  A deep elf sorcerer (Elf:1)
  A stone giant (Orc:1)
  2 deep elf annihilators (Elf:3)
  2 deep elf death magi
  A fire dragon (D:15)
  An ice dragon (D:15)
  A rakshasa (D:13)
  8 vault guards (D:14)
  2 centaur warriors (D:15)
  9 hydras
  5 two-headed ogres
  24 dancing weapons
  An orc high priest (Orc:2)
  4 death yaks (Lair:6)
  A hell hog (Volcano)
  22 deep elf knights
  3 unseen horrors
  9 deep elf archers
  A necromancer (IceCv)
  An orc knight (Orc:1)
  51 deep elf magi
  4 salamanders (Volcano)
  A cyclops (D:12)
  11 ugly things
  2 manticores
  6 orc sorcerers
  An ice statue (IceCv)
  26 cane toads
  11 elephants (Lair:4)
  A gargoyle (D:11)
  Maurice (D:10)
  2 black mambas
  3 centaur skeletons
  4 yaktaurs (D:12)
  4 komodo dragons
  10 rime drakes
  10 freezing wraiths (IceCv)
  A queen bee (Lair:1)
  2 polar bears (Lair:4)
  7 trolls
  5 hornets
  3 meliai (D:15)
  7 tyrant leeches
  7 dream sheep (Lair:5)
  28 blink frogs
  A meliai zombie (D:15)
  2 vampires (D:12)
  3 air elementals
  2 water elementals
  4 shadows
  8 wyverns
  8 redbacks (D:14)
  43 yaks
  Eustachio (D:5)
  11 fire bats
  6 wraiths
  8 vampire mosquitoes
  4 fire elementals
  10 basilisks
  2 steam dragons
  4 wargs
  Edmund (D:6)
  A naga (Lair:3)
  A soldier ant (D:10)
  A swamp worm (Lair:2)
  2 acid dragons
  14 water moccasins
  3 hell hounds
  3 sky beasts
  30 orc warriors
  A phantom (D:11)
  A swamp drake (Lair:5)
  11 ice beasts
  4 black bears
  10 wolves (Lair:4)
  An eye of draining (D:15)
  3 necrophages
  13 ogres
  13 centaurs
  Blork the orc (D:4)
  3 big kobolds
  2 wyvern zombies
  A gnoll sergeant (D:8)
  25 bullfrogs
  3 earth elementals
  A wyvern skeleton (D:14)
  An elephant simulacrum (IceCv)
  15 scorpions
  27 killer bees
  A swamp dragon simulacrum (IceCv)
  An electric eel (Lair:6)
  18 wights
  3 howler monkeys
  2 lava snakes (Lair:5)
  4 draconian simulacra (IceCv)
  4 jellies
  3 bullfrog skeletons
  7 centaur zombies
  4 human zombies (D:9)
  26 orc priests
  A gnoll shaman (D:5)
  5 hounds
  Natasha (twice) (D:2)
  7 iguanas
  A human skeleton (D:9)
  11 worker ants
  39 orc wizards
  2 hell rats (Lair:6)
  A polar bear simulacrum (IceCv)
  3 spriggan simulacra (IceCv)
  A wolf simulacrum (IceCv)
  5 troll simulacra (IceCv)
  4 big kobold zombies (Ossuary)
  A centaur simulacrum (IceCv)
  A hound skeleton (D:8)
  Robin (D:4)
  3 mummies (Ossuary)
  A worker ant zombie (D:9)
  A howler monkey skeleton (D:9)
  5 scorpion zombies (Ossuary)
  17 adders
  13 gnolls
  5 naga simulacra (IceCv)
  2 ogre simulacra (IceCv)
  2 shadow imps
  15 white imps
  4 oozes (Lair:6)
  3 ufetubi
  A worm (D:2)
  A dart slug (D:2)
  5 leopard geckos
  87 orcs
  8 giant cockroaches
  2 gnoll zombies (Ossuary)
  17 goblins
  11 hobgoblins
  13 jackals
  6 quokkas
  8 bats
  7 frilled lizards
  2 hobgoblin zombies (Ossuary)
  A jackal skeleton (D:4)
  25 kobolds
  4 kobold zombies (Ossuary)
  3 orc zombies
  A quokka skeleton (D:8)
  11 rats
  A bush (Lair:6)
  A lurking horror (Orc:2)
1066 creatures vanquished.

Vanquished Creatures (collateral kills)
  5 foxfires
5 creatures vanquished.

Vanquished Creatures (others)
  A scorpion (Ossuary)
  2580 foxfires
  51 fungi
  112 plants
2744 creatures vanquished.

Grand Total: 3815 creatures vanquished

Notes
Turn   | Place    | Note
-------+----------+-------------------------------------------
     0 | D:1      | Arthanis the Deep Elf Fire Elementalist began the quest for
                  | the Orb.
     0 | D:1      | Reached XP level 1. HP: 10/10 MP: 6/6
   134 | D:1      | Reached XP level 2. HP: 15/15 MP: 2/8
   866 | D:1      | Reached skill level 4 in Fire Magic
  1086 | D:2      | Reached XP level 3. HP: 19/19 MP: 10/10
  1154 | D:2      | Found a burning altar of Makhleb.
  1162 | D:2      | Found a shadowy altar of Dithmenos.
  1763 | D:2      | Noticed Natasha
  1768 | D:2      | Killed Natasha
  1769 | D:2      | Reached XP level 4. HP: 24/24 MP: 5/11
  2013 | D:2      | Noticed Natasha
  2017 | D:2      | Killed Natasha
  2018 | D:2      | Reached skill level 5 in Fire Magic
  2357 | D:3      | Reached XP level 5. HP: 28/28 MP: 8/13
  2362 | D:3      | Learned a level 3 spell: Conjure Flame
  2367 | D:3      | Learned a level 4 spell: Sticky Flame
  3373 | D:3      | Found a shimmering altar of Xom.
  3659 | D:4      | Noticed an ogre
  3737 | D:4      | Learned a level 5 spell: Fireball
  3805 | D:4      | Reached XP level 6. HP: 32/32 MP: 7/15
  3943 | D:4      | Reached skill level 5 in Spellcasting
  3947 | D:4      | Reached skill level 6 in Fire Magic
  4052 | D:4      | Found a shimmering blue altar of Sif Muna.
  4282 | D:4      | Reached XP level 7. HP: 36/36 MP: 11/17
  4393 | D:4      | Noticed Robin
  4713 | D:4      | Reached skill level 7 in Fire Magic
  4745 | D:4      | Killed Robin
  4991 | D:4      | Found a staircase to the Ecumenical Temple.
  5021 | D:4      | Noticed Blork the orc
  5030 | D:4      | Killed Blork the orc
  5074 | Temple   | Entered the Ecumenical Temple
  5085 | Temple   | Became a worshipper of Vehumet
  5183 | D:5      | Entered Level 5 of the Dungeon
  5349 | D:5      | Found a broken altar of Ashenzari.
  5349 | D:5      | Noticed Eustachio
  5362 | D:5      | Killed Eustachio
  5363 | D:5      | Found Ziafywku's Antique Armour Boutique.
  5516 | D:5      | Found a bloodstained altar of Trog.
  5740 | D:5      | Found a white marble altar of Elyvilon.
  5740 | D:5      | Found a glowing silver altar of Zin.
  5761 | D:5      | Reached skill level 5 in Conjurations
  5761 | D:5      | Reached skill level 8 in Fire Magic
  5761 | D:5      | Reached XP level 8. HP: 41/41 MP: 11/20
  6257 | D:5      | Reached skill level 9 in Fire Magic
  6747 | D:6      | Got a tattered robe
  6748 | D:6      | Identified the cursed +1 robe "Sappot" {*Contam Rampage
                  | rC+} (You found it on level 6 of the Dungeon)
  6902 | D:6      | Noticed Edmund
  6927 | D:6      | Killed Edmund
  6928 | D:6      | Reached XP level 9. HP: 45/45 MP: 10/23
  7195 | D:6      | Reached * piety under Vehumet
  7195 | D:6      | Offered knowledge of Shock by Vehumet.
  7196 | D:6      | Reached skill level 10 in Fire Magic
  7198 | D:6      | Learned a level 1 spell: Shock
  7561 | D:6      | Reached skill level 1 in Evocations
  7609 | D:6      | Reached skill level 1 in Fighting
  7782 | D:6      | Found a hazy altar of Hepliaklqana.
  7836 | D:7      | Found a sacrificial altar of Ru.
  7845 | D:7      | Identified the Papyrus of Transmigration
  8086 | D:7      | Found a sand-covered staircase.
  8118 | Ossuary  | Entered an ossuary
  8714 | Ossuary  | Offered knowledge of Freeze by Vehumet.
  8722 | Ossuary  | Reached ** piety under Vehumet
  9328 | D:7      | Reached XP level 10. HP: 53/53 MP: 17/25
  9519 | D:7      | Got a fine long sword
  9695 | D:7      | Reached skill level 11 in Fire Magic
 10018 | D:8      | Found a staircase to the Lair.
 10051 | D:8      | You fall into a shaft and drop 2 floors!
 10051 | D:10     | Entered Level 10 of the Dungeon
 10051 | D:10     | Found a portal to a secret trove of treasure.
 10063 | D:10     | Noticed Maurice
 10068 | D:10     | Killed Maurice
 10072 | D:10     | Reached skill level 5 in Dodging
 10580 | D:9      | Offered knowledge of Mephitic Cloud by Vehumet.
 10586 | D:9      | Learned a level 3 spell: Mephitic Cloud
 10914 | D:9      | Reached skill level 10 in Spellcasting
 11044 | D:9      | Reached *** piety under Vehumet
 11221 | D:9      | Found a basalt altar of Yredelemnul.
 11320 | D:9      | Found a blossoming altar of Fedhas.
 11341 | D:9      | Offered knowledge of Hailstorm by Vehumet.
 11765 | D:9      | Identified the +8 long sword "Equnaete" {drain, Will++}
                  | (You found it on level 7 of the Dungeon)
 12068 | D:9      | Identified the Papyrus of Bewitching Conjuration
 12136 | D:9      | Found a staircase to the Orcish Mines.
 12226 | D:8      | Reached skill level 12 in Fire Magic
 12402 | D:8      | Found Feyname's General Store.
 12407 | D:8      | Bought a scroll of summoning for 133 gold pieces
 12407 | D:8      | Bought a scroll of identify for 28 gold pieces
 12407 | D:8      | Bought a scroll of identify for 28 gold pieces
 12407 | D:8      | Bought a +1 helmet of intelligence for 231 gold pieces
 12476 | D:8      | Found Toneagu's General Store.
 12480 | D:8      | Bought a scroll of identify for 22 gold pieces
 12576 | D:8      | Found Tyrrygaer's Distillery.
 12834 | D:8      | Found Pauhiube's Armour Shoppe.
 12836 | D:8      | Reached **** piety under Vehumet
 12925 | D:8      | Found Oppo's Armour Boutique.
 13502 | D:10     | Offered knowledge of Lee's Rapid Deconstruction by Vehumet.
 13620 | D:10     | Reached XP level 11. HP: 57/57 MP: 15/27
 14160 | D:11     | Noticed a two-headed ogre
 14164 | D:11     | Killed a two-headed ogre
 14957 | D:11     | Found a shadowy altar of Dithmenos.
 15328 | D:12     | Reached skill level 5 in Evocations
 15332 | D:12     | Reached skill level 1 in Shields
 15520 | D:12     | Reached skill level 13 in Fire Magic
 15784 | D:12     | Reached ***** piety under Vehumet
 15784 | D:12     | Offered knowledge of Bolt of Magma by Vehumet.
 15791 | D:12     | Learned a level 5 spell: Bolt of Magma
 16405 | D:12     | Found a roughly hewn altar of Beogh.
 16769 | D:13     | Noticed a purple ugly thing
 16817 | D:13     | Killed an unseen horror
 16830 | D:13     | Noticed a rakshasa
 16836 | D:13     | HP: 2/57 [manticore/volley of spikes (17)]
 16843 | D:13     | Noticed a seven-headed hydra
 16848 | D:13     | Killed a seven-headed hydra
 16849 | D:13     | Reached XP level 12. HP: 22/62 MP: 10/29
 16954 | D:13     | Noticed a two-headed ogre
 16963 | D:13     | Killed a rakshasa
 16963 | D:13     | Killed a two-headed ogre
 16992 | D:13     | Found a frozen archway.
 17081 | IceCv    | Entered an ice cave
 17352 | IceCv    | Reached skill level 14 in Fire Magic
 17414 | IceCv    | Reached skill level 10 in Conjurations
 17568 | IceCv    | Found an ancient bone altar of Kikubaaqudgha.
 18633 | D:13     | Found Putexu's General Store.
 18640 | D:13     | Bought a scroll of identify for 24 gold pieces
 18640 | D:13     | Bought a cursed ring of attention for 54 gold pieces
 18640 | D:13     | Bought a potion of heal wounds for 60 gold pieces
 18640 | D:13     | Bought a scroll of blinking for 90 gold pieces
 18640 | D:13     | Bought 2 scrolls of magic mapping for 84 gold pieces
 18654 | D:13     | Offered knowledge of Orb of Destruction by Vehumet.
 18663 | D:13     | Learned a level 7 spell: Orb of Destruction
 19581 | D:14     | Found a stormy altar of Qazlal.
 19794 | D:14     | Reached XP level 13. HP: 66/66 MP: 31/31
 19841 | D:14     | Reached skill level 15 in Fire Magic
 20886 | D:14     | Found a gate to the Vaults.
 21273 | D:15     | Entered Level 15 of the Dungeon
 21372 | D:15     | HP: 2/66 [ice dragon/blast of cold (32)]
 21789 | D:15     | Found Raase's Weapon Shoppe.
 21850 | D:15     | Reached skill level 16 in Fire Magic
 22141 | D:15     | Offered knowledge of Starburst by Vehumet.
 22149 | D:15     | Learned a level 6 spell: Starburst
 23106 | D:15     | Reached XP level 14. HP: 53/72 MP: 6/34
 23723 | D:15     | Noticed Jorgrun
 23734 | D:15     | Killed Jorgrun
 23950 | D:15     | Found a staircase to the Depths.
 24313 | Orc:1    | Entered Level 1 of the Orcish Mines
 24314 | Orc:1    | Noticed a stone giant
 24317 | Orc:1    | Killed a stone giant
 24847 | Orc:2    | Entered Level 2 of the Orcish Mines
 25381 | Orc:2    | Reached skill level 17 in Fire Magic
 25479 | Orc:2    | Found a staircase to the Elven Halls.
 25897 | Orc:2    | Found Aluputafei's Gadget Emporium.
 25897 | Orc:2    | Found Sorphi Geut's Antique Weapon Shoppe.
 26114 | Orc:2    | Found Nidwunlel's Book Shoppe.
 26117 | Orc:2    | Found Kenu's Armour Emporium.
 26144 | Orc:2    | Reached ****** piety under Vehumet
 26295 | Orc:2    | Offered knowledge of Eringya's Noxious Bog by Vehumet.
 26333 | Orc:2    | Found a one-way gate to the infinite horrors of the Abyss.
 26655 | Orc:2    | Found a corrupted altar of Lugonu.
 27028 | Lair:1   | Entered Level 1 of the Lair of Beasts
 27117 | Lair:1   | Identified a scroll of acquirement
 27121 | Lair:1   | Acquired an uncursed staff of fire
 28113 | Lair:2   | Reached skill level 15 in Spellcasting
 28162 | Lair:2   | Found the brooch of Shielding {Spirit SH+8}
 28860 | Lair:2   | Found a staircase to the Swamp.
 29920 | Lair:3   | Found a staircase to the Snake Pit.
 30295 | Lair:4   | Offered knowledge of Iron Shot by Vehumet.
 30304 | Lair:4   | Learned a level 6 spell: Iron Shot
 30339 | Lair:4   | Reached skill level 18 in Fire Magic
 30528 | Lair:4   | Reached XP level 15. HP: 76/76 MP: 7/36
 32144 | Lair:5   | Found a dark tunnel.
 32158 | Volcano  | Entered a volcano
 32777 | Lair:5   | Offered knowledge of Ozocubu's Refrigeration by Vehumet.
 33399 | Lair:6   | Entered Level 6 of the Lair of Beasts
 34322 | Lair:6   | Got a faintly glowing robe
 34478 | Lair:6   | Reached skill level 19 in Fire Magic
 34481 | Lair:6   | Offered knowledge of Freezing Cloud by Vehumet.
 34808 | Lair:6   | Found a staircase to the Slime Pits.
 35445 | Lair:6   | Acquired 963 gold pieces
 35769 | Elf:1    | Entered Level 1 of the Elven Halls
 35835 | Elf:1    | Reached XP level 16. HP: 77/80 MP: 22/38
 36524 | Elf:1    | Found a radiant altar of Vehumet.
 36683 | Elf:1    | Offered knowledge of Shatter by Vehumet.
 36683 | Elf:1    | Offered knowledge of Chain Lightning by Vehumet.
 36683 | Elf:1    | Offered knowledge of Ignition by Vehumet.
 36694 | Elf:1    | Learned a level 8 spell: Ignition
 37007 | Elf:1    | Identified Pugogimi's Volume of Attacks and Calling
 37332 | Elf:2    | Found Yrun's General Store.
 37332 | Elf:2    | Found a radiant altar of Vehumet.
 37356 | Elf:2    | Bought a potion of resistance for 150 gold pieces
 37356 | Elf:2    | Bought a potion of curing for 45 gold pieces
 37373 | Elf:2    | Found Arretao's One-of-a-Kind Books.
 37383 | Elf:2    | Learned a level 2 spell: Blink
 37411 | Elf:2    | Reached skill level 10 in Evocations
 37868 | Elf:2    | Found Senybano's General Store.
 37874 | Elf:2    | Bought a scroll of identify for 34 gold pieces
 37874 | Elf:2    | Identified the cursed +1 robe of Qazlal's Scorn {rF+ Str+4
                  | Slay-3} (You found it on level 6 of the Lair of Beasts)
 37981 | Elf:2    | Found Iditz's Assorted Antiques.
 37990 | Elf:2    | Bought a scroll of teleportation for 99 gold pieces
 38473 | Elf:2    | Found a runed translucent gate.
 38473 | Elf:2    | Found a runed translucent gate.
 38473 | Elf:2    | Found a runed translucent gate.
 38668 | Elf:2    | Reached skill level 20 in Fire Magic
 38779 | Elf:2    | Reached skill level 15 in Conjurations
 39477 | Elf:2    | Noticed a deep elf blademaster
 39482 | Elf:2    | Killed a deep elf blademaster
 39483 | Elf:2    | Reached XP level 17. HP: 88/88 MP: 20/41
 39695 | Elf:3    | Entered Level 3 of the Elven Halls
 40015 | Elf:3    | Reached skill level 1 in Air Magic
 40302 | Elf:3    | Learned a level 2 spell: Sublimation of Blood
 40464 | Elf:3    | Found Koucw's Antique Armour Boutique.
 40468 | Elf:3    | Bought a pair of embroidered boots for 150 gold pieces
 40539 | Elf:3    | Found an ancient bone altar of Kikubaaqudgha.
 40631 | Elf:3    | Noticed a deep elf master archer
 40633 | Elf:3    | Killed a deep elf master archer
 40633 | Elf:3    | Noticed a deep elf blademaster
 40633 | Elf:3    | Noticed a deep elf blademaster
 40641 | Elf:3    | Killed a deep elf blademaster
 40641 | Elf:3    | Noticed a deep elf blademaster
 40643 | Elf:3    | Killed a deep elf blademaster
 40643 | Elf:3    | Killed a deep elf blademaster
 40682 | Elf:2    | HP: 3/88 [something/shard of ice (32)]
 40683 | Elf:2    | Killed from afar by a deep elf knight

Illustrated notes

Levels and vault maps discovered:
D:1:      onia_arrival_pyramid, layout_loops_ring
D:2:      layout_basic, amethyst_overflow_temple_binary, grunt_decor_junction,
          minmay_surrounded, uniq_natasha
D:3:      layout_basic, marbit_many_paths, st_stairs_11, minmay_misc_feat_tiny,
          minmay_vboxes
D:4:      layout_rooms, led_sif_book, minmay_temple_entry_poolview, uniq_robin,
          uniq_blork_the_orc
D:5:      layout_basic, gammafunk_temple_overflow_wave, serial_shops, shop,
          basic_altar, bloody_trog, uniq_eustachio
D:6:      layout_gridville, nzn_hepliaklqana_mist_gate, minivault_23,
          uniq_edmund
D:7:      layout_loops_ring, nicolae_ru_sacrificial_ziggurat,
          lightli_ossuary_entry_decrepit_ruins
D:8:      layout_basic, lair_entry_dummy, serial_shops, shop,
          nicolae_shop_statue_plus, kennysheep_little_box, nicolae_shop_trees,
          shop
D:9:      layout_loops_cross, old_standard_altar,
          lemuel_mausoleum_altar_yredelemnul, orc_0_dummy,
          nicolae_underground_beach
D:10:     lemuel_ice_statue, layout_loops_ring, enter_trove_1, uniq_maurice
D:11:     layout_stronghold, serial_column_ruins, column_ruins_hut,
          column_ruins_hut_ruined, column_ruins_columns_straight,
          column_ruins_columns_straight, column_ruins_columns_corner,
          column_ruins_columns_straight, grunt_decor_arrowhead,
          grunt_dithmenos_smoke
D:12:     layout_basic, special_room [special_room_orc],
          chequers_serial_rivers_room_a
D:13:     layout_loops_ring, portal_ice_cave_rime, serial_shops, kennysheep_mini
D:14:     minmay_isolated_rectangles_in_corner, layout_loops_ring,
          erik_vaults_2, basic_altar, minivault_19, drop_trap, kennysheep_dice
D:15:     grunt_enter_depths_hoard, layout_stronghold, chequers_avenue,
          serial_shops, shop_coins, drop_trap, minmay_mirror_moons_of_madness,
          uniq_jorgrun
Temple:   nicolae_temple_no_exploring_needed
Lair:1:   layout_loops_ring, special_room [special_room_bee], grunt_megastairs_3
Lair:2:   layout_long_grid, minmay_swamp_entry_worms
Lair:3:   layout_roguey, guppyfry_snake_entry_island
Lair:4:   layout_layer_cave, serial_bayou_shore_b
Lair:5:   layout_gridlike, nicolae_volcano_entry_hallway, fungi_pond_lemuel,
          guppyfry_lair_drakes
Lair:6:   minmay_lair_end_frog_pond, layout_hall_layers,
          nicolae_slime_entry_slimehenge, special_room
          [special_room_mythical_zoo], nicolae_quartered_pool_medium,
          serial_bayou_shore_b
Orc:1:    layout_caves, mines2_lemuel
Orc:2:    st_orc_mages, layout_caves, amcnicky_altar_lugonu_corruption
Elf:1:    eino_elf_arrival_the_gate, layout_loops_ring, basic_altar,
          minmay_elf_sorcery
Elf:2:    layout_geoelf_diagonals, basic_altar, serial_shops, shop, shop,
          nicolae_shop_stone, nicolae_rare_books
Elf:3:    minmay_elf_hall, layout_onion_city, serial_shops, nicolae_shop_trees,
          basic_altar

Skill      XL: |  1  2  3  4  5  6  7  8  9 10 11 12 13 14 15 16 17 |
---------------+----------------------------------------------------+-----
Fire Magic     | 4 5 6 8 9 10 12 13 14 16 18 19 20 | 20.0
Conjurations   | 2 3 4 5 6 7 8 9 10 11 13 14 15 | 15.3
Spellcasting   | 4 5 6 8 9 10 11 12 14 15 16 18 19 | 19.3
Dodging        | 4 6 8 9 |  9.0
Evocations     | 2 4 6 8 9 10 | 10.1
Fighting       | 2 4 |  4.0
Stealth        | 3 |  3.0
Shields        | 4 |  4.0
Air Magic      | 4 |  4.5

Action                   |  1- 3 |  4- 6 |  7- 9 | 10-12 | 13-15 | 16-18 || total
-------------------------+-------+-------+-------+-------+-------+-------++-------
Melee: Dagger            |    13 |     2 |     4 |    20 |       |       ||    39
       Unarmed           |       |       |     6 |       |       |       ||     6
       Spear             |       |       |       |     7 |     3 |       ||    10
       Staff             |       |       |       |       |     7 |       ||     7
 Cast: Foxfire           |    97 |   150 |   408 |   608 |   322 |       ||  1585
       Conjure Flame     |       |       |     5 |     7 |       |       ||    12
       Sticky Flame      |       |       |    12 |    33 |    25 |       ||    70
       Fireball          |       |       |     6 |   123 |   358 |    97 ||   584
       Shock             |       |       |     4 |    44 |     2 |       ||    50
       Mephitic Cloud    |       |       |       |     2 |       |       ||     2
       Bolt of Magma     |       |       |       |     2 |    14 |       ||    16
       Starburst         |       |       |       |       |    21 |     6 ||    27
       Orb of Destructio |       |       |       |       |    17 |    71 ||    88
       Iron Shot         |       |       |       |       |     5 |     2 ||     7
Evoke: Wand              |       |       |       |     6 |    12 |     1 ||    19
  Use: Scroll            |       |       |    11 |    21 |    13 |     7 ||    52
       Potion            |       |       |       |     3 |       |       ||     3
 Stab: Sleeping          |     5 |     1 |     1 |     1 |       |       ||     8
       Confused          |       |       |     1 |     1 |       |       ||     2
Armor: Robe              |     4 |     1 |    17 |    24 |    20 |     6 ||    72
       Skin              |       |       |     1 |       |       |       ||     1
Dodge: Dodged            |    23 |    12 |    39 |    87 |    72 |    21 ||   254
Block: Buckler           |       |       |       |    13 |    78 |    10 ||   101
       Reflection        |       |       |       |     3 |    12 |     2 ||    17
       Other             |       |       |       |     2 |       |       ||     2
